 Dungeon Crawl Stone Soup version 0.29-a0-837-g174bc33265 (webtiles) character file.

Game seed: 15567959454067799176

39 Ijustatesigmund the Firebug (level 3, 0/26 HPs)
             Began as a Hill Orc Fire Elementalist on July 13, 2022.
             Slain by a gnoll
             ... wielding a +0 halberd
              (7 damage)
             ... on level 2 of the Dungeon.
             The game lasted 00:02:40 (2075 turns).

Ijustatesigmund the Firebug (HOFE)                  Turns: 2075, Time: 00:02:40

Health: 0/26       AC:  3    Str: 10    XL:     3   Next: 45%
Magic:  2/6        EV: 12    Int: 17    God:
Gold:   72         SH:  0    Dex: 11    Spells: 3/6 levels left

rFire   . . .      SeeInvis +   c - +0 war axe
rCold   . . .      Faith    .   (no shield)
rNeg    . . .      Spirit   .   a - +0 robe
rPois   .          Reflect  .   e - +0 helmet
rElec   .          Harm     .   (no cloak)
rCorr   .          Rampage  .   (no gloves)
Will    .....                   (no boots)
Stlth   ++........              (no amulet)
HPRegen 0.08/turn               j - ring of see invisible
MPRegen 0.10/turn               (no ring)

@: no status effects
A: no striking features
a: no special abilities


You were on level 2 of the Dungeon.
You visited 1 branch of the dungeon, and saw 2 of its levels.

You collected 72 gold pieces.

Inventory:

Hand Weapons
 c - a +0 war axe (weapon)
Armour
 a - a +0 robe (worn)
 e - a +0 helmet (worn)
Jewellery
 j - a ring of see invisible (left hand)
Scrolls
 g - a scroll of identify {unknown}
 i - a scroll of teleportation {unknown}
Potions
 b - 3 potions of magic
 d - a potion of curing {unknown}
 f - 2 potions of cancellation {unknown}
 h - a potion of invisibility {unknown}


   Skills:
 + Level 1.8 Axes
 - Level 1.5 Dodging
 - Level 1.5 Stealth
 + Level 2.0 Spellcasting
 + Level 1.8 Conjurations
 + Level 3.7 Fire Magic


You had 3 spell levels left.
You knew the following spells:

 Your Spells              Type           Power      Damage    Failure   Level
a - Foxfire               Conj/Fire      44%        2x1d6     6%          1
b - Scorch                Fire           28%        2d6       6%          2

Your spell library contained the following spells:

 Spells                   Type           Power      Damage    Failure   Level
 Conjure Flame            Conj/Fire      11%        6-21      19%         3
 Inner Flame              Hex/Fire       8%         N/A       26%         3
 Flame Wave               Conj/Fire      11%        2d5       52%         4
 Fulminant Prism          Conj/Hex       2%         3d6       78%         4
 Iskenderun's Mystic Bla  Conj/Tloc      4%         2d3       78%         4
 Lee's Rapid Deconstruct  Erth           0%         3d5*      99%         5


Dungeon Overview and Level Annotations

Branches:
Dungeon (2/15)

Altars:


Message History

Confirm with . or Enter, or press ? or * to list all spells.
You conjure some foxfire!
The foxfire hits the gnoll.
The gnoll is lightly wounded.
Casting: Foxfire (safe; 6% risk of failure)
Confirm with . or Enter, or press ? or * to list all spells.
You conjure some foxfire!
Your foxfire dissipates!
The foxfire hits the gnoll but does no damage.
The gnoll is lightly wounded.
There is a stone staircase leading up here.
Casting: Foxfire (safe; 6% risk of failure)
Confirm with . or Enter, or press ? or * to list all spells.
You conjure some foxfire!
The foxfire hits the gnoll but does no damage.
The gnoll is heavily wounded.
The foxfire hits the gnoll.
The gnoll is heavily wounded.
The gnoll closely misses you.
Casting: Foxfire (safe; 6% risk of failure)
Confirm with . or Enter, or press ? or * to list all spells.
Flames lash the gnoll.
The gnoll is severely wounded.
The gnoll's fire resistance burns away.
The gnoll misses you.
The gnoll hits you from afar with a +0 halberd!
The gnoll hits you from afar with a +0 spear.
Casting: Scorch (safe; 6% risk of failure)
Confirm with . or Enter, or press ? or * to list all spells.
You conjure some foxfire!
The gnoll misses you.
The gnoll hits you from afar with a +0 spear.
The foxfire hits the gnoll.
The gnoll is severely wounded.
The foxfire hits the gnoll.
The gnoll is severely wounded.
The gnoll hits you from afar with a +0 halberd.
* * * LOW HITPOINT WARNING * * *
The gnoll misses you.
The gnoll is no longer more vulnerable to fire.
The gnoll hits you from afar with a +0 halberd!
You die...

.....#....g##...##.....####.
.##..###...g.....#..#..# #.
# #####.g......#.#####.
####...................
.....######.##......)..
............÷..........
...#..g#g..)##.........
#####..§.g##.##.........
......§@...#.##...<.....
#####.§§##..............
#######.............
#.............
#........##### #........#
#........# #........#
#........#


You could see 3 gnolls.

Vanquished Creatures
  4 dart slugs
  3 ball pythons
  2 bats
  2 endoplasms (D:1)
  3 goblins
  2 hobgoblins (D:2)
  3 jackals (D:2)
  5 kobolds
  2 frilled lizards (D:1)
  3 rats (D:1)
29 creatures vanquished.

Vanquished Creatures (others)
  97 foxfires
  2 fungi (D:1)
  A plant (D:1)
100 creatures vanquished.

Grand Total: 129 creatures vanquished

Notes
Turn   | Place    | Note
-------+----------+-------------------------------------------
     0 | D:1      | Ijustatesigmund the Hill Orc Fire Elementalist began the
                  | quest for the Orb.
     0 | D:1      | Reached XP level 1. HP: 14/14 MP: 3/3
   689 | D:1      | Reached skill level 1 in Axes
   689 | D:1      | Reached XP level 2. HP: 3/20 MP: 1/4
   692 | D:1      | Learned a level 2 spell: Scorch
  1512 | D:1      | Reached XP level 3. HP: 26/26 MP: 2/5
  1557 | D:1      | Found a faded altar of an unknown god.
  2075 | D:2      | Slain by a gnoll

Illustrated notes

Levels and vault maps discovered:
D:1:      minmay_arrival_loop, layout_basic, shapermc_ecumenical_altar_acropolis
D:2:      layout_rooms, serial_shops, nicolae_lakefront_shop, minivault_14

Skill      XL: |  1  2  3 |
---------------+----------+-----
Axes           | 1 |  1.8
Spellcasting   | 2 |  2.0
Dodging        | |  1.5
Stealth        | |  1.5
Conjurations   | |  1.8
Fire Magic     | |  3.7

Action                   || total
-------------------------++-------
Melee: Hand axe          ||    17
 Cast: Foxfire           ||    57
       Scorch            ||     3
  Use: Scroll            ||     1
 Stab: Sleeping          ||     1
Armor: Robe              ||     4
Dodge: Dodged            ||    12

Table legend: (Time is in decaauts)
 A = Elapsed time spent in this place.
 B = Non-inter-level travel time spent in this place.
 C = Inter-level travel time spent in this place.
 D = Time resting spent in this place.
 E = Time spent auto-exploring this place.
 F = Levels seen in this place.
 G = Mean time per level.
                   A        B        C        D        E       F      G
               +--------+--------+--------+--------+--------+-----+--------+
         Total |   2077 |   2063 |     14 |    764 |   1033 |   2 | 1038.5 |
       Dungeon |   2077 |   2063 |     14 |    764 |   1033 |   2 | 1038.5 |
               +--------+--------+--------+--------+--------+-----+--------+

Top non-repeatable levels by time:
     D:1: 1695 daAuts
     D:2: 382 daAuts
